 Dungeon Crawl Stone Soup version 0.25-a0-842-g81a31cfd23 (webtiles) character file.

Game seed: 12322475394182114152, levelgen mode: deterministic

370 Lauz the Magician (level 6, -5/32 HPs)
             Began as a Deep Elf Fire Elementalist on Apr 24, 2020.
             Was an Initiate of Sif Muna.
             Slain by a vampire
             ... wielding a +0 quarterstaff
              (14 damage)
             ... on level 4 of the Dungeon.
             The game lasted 00:20:05 (4643 turns).

Lauz the Magician (Deep Elf Fire Elementalist)      Turns: 4643, Time: 00:20:05

Health: -5/32      AC:  3    Str:  5    XL:     6   Next: 42%
Magic:  17/17      EV: 13    Int: 22    God:    Sif Muna [......]
Gold:   178        SH:  0    Dex: 15    Spells: 10/17 levels left

rFire    . . .     SeeInvis +   n - +1 short sword
rCold    . . .     Gourm    .   (no shield)
rNeg     . . .     Faith    .   a - +1 robe
rPois    .         Spirit   .   (no helmet)
rElec    .         Reflect  .   (no cloak)
rCorr    .         Harm     .   (no gloves)
MR       .....                  (no boots)
Stlth    ++........             (no amulet)
HPRegen  0.10/turn              j - ring of see invisible
MPRegen  0.15/turn              (no ring)

@: no status effects
A: no striking features
a: Renounce Religion


You were on level 4 of the Dungeon.
You worshipped Sif Muna.
Sif Muna was noncommittal.
You were hungry.

You visited 1 branch of the dungeon, and saw 5 of its levels.

You collected 178 gold pieces.

Inventory:

Hand Weapons
 n - a +1 short sword (weapon)
Armour
 a - a +1 robe (worn)
 r - a +0 helmet
Jewellery
 j - a ring of see invisible (left hand)
 k - a +2 ring of dexterity {unknown}
 l - an uncursed amulet of the gourmand {unknown}
 p - an uncursed ring of protection from cold {unknown}
Scrolls
 d - 7 scrolls of identify {unknown}
 o - a scroll of enchant weapon
Potions
 b - 3 potions of curing {unknown}
 f - 2 potions of berserk rage {unknown}
 g - a potion of haste {unknown}
 h - a potion of might {unknown}
 i - a potion of invisibility {unknown}
Comestibles
 c - 8 rations


   Skills:
 + Level 2.7 Dodging
 - Level 2.4 Stealth
 * Level 6.0 Spellcasting
 + Level 3.5 Conjurations
 - Level 0.1 Hexes
 + Level 5.4 Fire Magic


You had 10 spell levels left.
You knew the following spells:

 Your Spells              Type           Power        Failure   Level  Hunger
a - Foxfire               Conj/Fire      ####         1%          1    None
b - Conjure Flame         Conj/Fire      ####....     4%          3    #......
c - Inner Flame           Hex/Fire       ###.....     9%          3    #......

Your spell library contained the following spells:

 Spells                   Type           Power        Failure   Level  Hunger
 Sticky Flame             Conj/Fire      ####....     14%         4    ###....
 Fireball                 Conj/Fire      ####......   36%         5    #####..


Dungeon Overview and Level Annotations

Branches:
Dungeon (5/15)
 Temple: D:4-7

Altars:
Cheibriados
Kikubaaqudgha
Ru
Sif Muna
Wu Jian
Yredelemnul
The Shining One

Annotations:
D:4 Dowan, Duvessa


Message History

The vampire bites you but does no damage.
As you read the scroll labeled CAMABBELOFF, it crumbles to dust.
It is a scroll of enchant weapon.
Your +0 short sword glows red for a moment.
The vampire hits you with a +0 quarterstaff!
The vampire bites you but does no damage.
As you read the scroll labeled HYGOASHR MUOS, it crumbles to dust.
You feel blessed for a moment.
It was a scroll of remove curse.
The vampire closely misses you. The vampire misses you.
As you read the scroll labeled REIRIO DECOCETOER, it crumbles to dust.
You assume a fearsome visage.
The vampire is unaffected.
It was a scroll of fear.
The vampire hits you with a +0 quarterstaff.
* * * LOW HITPOINT WARNING * * *
The vampire misses you.
As you read the scroll labeled OVUMAI IMYTANT, it crumbles to dust.
You feel aware of your surroundings.
You sensed 1 altar.
It was a scroll of magic mapping.
The vampire hits you with a +0 quarterstaff!
You die...

##.#..............#********#.)...
#.#..............# ##.###
#.##..###..###...# #.#
#.##...###'##....# #.#
##.##..#......##..# #.#
........#.....##..# #.#
##.#....'.._......# #.#
#.#...........#..# ###.#
#.#....#.......@.#########...#
#.#...####..###.V.........)###
#.#...#..#.#.##...########.#
#.#...............# #.#****
#.#..............## #.#,,,,
##.#.##.##.##..#### *****#.#,***
.....##.##.##.## #.,,,..#.#
##.####.......# #.#**#.#(## #.#
#.#####.# #.# #....##


You could see a vampire (invisible).

Vanquished Creatures
  A hound (D:4)
  3 orc priests
  2 orc wizards
  5 adders
  A shadow imp (D:3)
  3 oozes (D:3)
  3 worms
  6 dart slugs
  2 leopard geckos
  15 orcs
  8 bats
  5 giant cockroaches
  9 hobgoblins
  6 kobolds
  3 quokkas
  A ball python (D:4)
  5 frilled lizards
  8 goblins
  A goblin skeleton (D:4)
  2 goblin zombies (D:4)
  2 hobgoblin zombies (D:4)
  A leopard gecko skeleton (D:4)
  2 orc skeletons (D:4)
  2 orc zombies (D:4)
  11 rats
107 creatures vanquished.

Vanquished Creatures (others)
  296 foxfires
296 creatures vanquished.

Grand Total: 403 creatures vanquished

Notes
Turn   | Place    | Note
-------+----------+-------------------------------------------
     0 | D:1      | Lauz the Deep Elf Fire Elementalist began the quest for the
                  | Orb.
     0 | D:1      | Reached XP level 1. HP: 10/10 MP: 6/6
   124 | D:1      | Reached XP level 2. HP: 15/15 MP: 1/8
   723 | D:2      | Reached XP level 3. HP: 19/19 MP: 7/10
   946 | D:2      | Reached skill level 4 in Spellcasting
   956 | D:2      | Learned a level 3 spell: Conjure Flame
  1376 | D:2      | Reached XP level 4. HP: 24/24 MP: 6/12
  1438 | D:2      | Found a basalt altar of Yredelemnul.
  2459 | D:3      | Found a sacrificial altar of Ru.
  2569 | D:3      | Reached XP level 5. HP: 12/28 MP: 1/14
  2747 | D:3      | Learned a level 3 spell: Inner Flame
  3068 | D:3      | Found an ornate altar of the Wu Jian Council.
  3322 | D:3      | Reached skill level 5 in Spellcasting
  3472 | D:4      | Reached skill level 5 in Fire Magic
  3472 | D:4      | Noticed Dowan
  3481 | D:4      | Reached XP level 6. HP: 31/32 MP: 1/16
  3640 | D:4      | Found a shimmering blue altar of Sif Muna.
  3646 | D:4      | Became a worshipper of Sif Muna the Loreminder
  3678 | D:4      | Found an ancient bone altar of Kikubaaqudgha.
  3817 | D:4      | Noticed Duvessa
  3855 | D:4      | Noticed a vampire
  4162 | D:4      | Found a glowing golden altar of the Shining One.
  4244 | D:5      | Entered Level 5 of the Dungeon
  4340 | D:4      | Found a snail-covered altar of Cheibriados.
  4385 | D:4      | Reached skill level 6 in Spellcasting
  4643 | D:4      | Slain by a vampire

Levels and vault maps discovered:
D:1:      psy_arrival_radial02, layout_rooms
D:2:      layout_loops_ring, old_standard_altar
D:3:      layout_basic, marbit_many_paths, nicolae_ru_the_path_less_chosen,
          first_ration, due_unseen_surprise
D:4:      layout_loops_ring, lemuel_doored_altar, nicolae_tso_besieged_by_evil,
          led_sif_pool, cheibriados_altar_1, kiku_gazebo_garden_becter,
          minmay_divided_ellipse, uniq_duvessa
D:5:      layout_basic, fedhas_bush_and_centaur_altar

Skill      XL: |  1  2  3  4  5  6 |
---------------+-------------------+-----
Fire Magic     | 4 5 |  5.4
Spellcasting   | 4 5 6 |  6.0
Conjurations   | 3 |  3.5
Dodging        | |  2.7
Stealth        | |  2.4
Hexes          | |  0.1

Action                   |  1- 3 |  4- 6 || total
-------------------------+-------+-------++-------
Melee: Unarmed           |       |     2 ||     2
 Cast: Foxfire           |    84 |   163 ||   247
       Inner Flame       |       |     3 ||     3
       Conjure Flame     |       |     1 ||     1
  Use: Scroll            |       |     8 ||     8
  Eat: Chunk             |     1 |     6 ||     7
       Ration            |       |     1 ||     1
Armor: Robe              |       |    12 ||    12
Dodge: Dodged            |    11 |    55 ||    66

Table legend:
 A = Non-vault XP
 B = Vault XP
 C = Vault XP percentage of total XP
 D = Non-vault monster count
 E = Vault monster count
 F = Vault count percentage of total count
                 A         B        C        D         E       F
            +---------+---------+-------+---------+---------+-------
      Total |     470 |      59 |  11.2 |      96 |      11 |  10.3
            +---------+---------+-------+---------+---------+-------
        D:1 |      37 |       0 |   0.0 |      18 |       0 |   0.0
        D:2 |      79 |       0 |   0.0 |      25 |       0 |   0.0
        D:3 |     171 |       7 |   3.9 |      33 |       1 |   2.9
        D:4 |     183 |      52 |  22.1 |      20 |      10 |  33.3
            +---------+---------+-------+---------+---------+-------
